AoeStats
← wun ren

Arena

507251986Analyzed
4v4 RM · 14d ago on Sep 17, 2026· 31m 38s· 8 players
Game mode
Random Map
Map size
Large (8 player)
Population
200
Speed
Normal
Resources
Standard
Victory
Conquest
Starting age
Dark Age
Ending age
Imperial Age
RankedLock teamsTeams togetherTeam positionsShared explorationLock speedFull tech treeHidden civsTurbo modeCheats
Victory
Defeat
🇳🇿 Malians · New Zealand
1316
+16
🇳🇿 Celts · New Zealand
1308
+17
🇳🇿 Persians · New Zealand
1298
+17
🇳🇿 Magyars · New Zealand
1275
+18
🇦🇷 Khmer · Argentina
1427
-21
🇹🇼 Goths · Taiwan
1307
-16
🇩🇪 Poles · Germany
1294
-16
🇹🇼 Italians · Taiwan
1269
-15
siggi7
10:26 Feudal Age
11:20 Horse Collar
16:20 Castle Age
14:47 Double-Bit Axe
15:56 Loom
19:52 Heavy Plow
20:17 Scale Barding Armor
26:35 Pikeman
[TAIDA]= =
10:35 Feudal Age
13:49 Castle Age
12:06 Double-Bit Axe
13:44 Gold Mining
15:21 Bow Saw
15:38 Scale Barding Armor
15:36 Loom
18:46 Horse Collar
23:10 Chain Barding Armor
24:10 Heavy Plow
25:07 Wheelbarrow
25:16 Forging
25:33 Bloodlines
26:42 Iron Casting
27:16 Hand Cart
27:56 Bloodlines
27:51 Husbandry
[TAIDA] WH
11:27 Feudal Age
11:03 Loom
12:48 Loom
15:20 Castle Age
13:23 Double-Bit Axe
16:39 Horse Collar
16:56 Fletching
18:30 Bodkin Arrow
30:52 Imperial Age
29:23 Bow Saw
30:20 Ballistics
30:01 Padded Archer Armor
32:08 Bracer
wun ren
1:56 Loom
12:10 Feudal Age
16:48 Castle Age
15:14 Double-Bit Axe
18:05 Bow Saw
17:46 Horse Collar
bolts98
11:50 Feudal Age
10:48 Loom
15:45 Castle Age
King Edward VII
7:37 Loom
12:08 Feudal Age
12:46 Double-Bit Axe
19:04 Castle Age
17:19 Horse Collar
18:16 Gold Mining
18:23 Fletching
19:41 Padded Archer Armor
20:33 Husbandry
21:42 Bodkin Arrow
25:10 Ballistics
27:40 Leather Archer Armor
NzEliteKnight
10:46 Feudal Age
15:18 Castle Age
13:47 Loom
15:20 Scale Barding Armor
16:12 Double-Bit Axe
16:53 Husbandry
17:01 Gold Mining
17:23 Horse Collar
19:23 Bloodlines
20:11 Wheelbarrow
20:23 Chain Barding Armor
21:10 Heavy Plow
24:01 Forging
31:08 Iron Casting
31:34 Gold Shaft Mining
34:14 Imperial Age
Far King Noob
11:45 Feudal Age
10:41 Loom
15:22 Castle Age
14:40 Arson
20:48 Scale Mail Armor
20:58 Forging
Connection lost

Rejoining the realm…

Still unreachable

The connection could not be restored.

Session expired

The server has moved on; the page needs a fresh start.